 Dungeon Sprint DCSS version 0.32-a0-411-g744942f433 (webtiles) character file.

Game seed: 13607110480126939521

4 shadowstone the Skirmisher (level 3, -4/22 HPs)
             Began as a Kobold Hunter on Feb 20, 2024.
             Was an Initiate of Qazlal.
             Killed from afar by Sigmund (10 damage)
             ... with a puff of flame
             ... in the Dungeon (Sprint VI: "Thunderdome").
             The game lasted 00:01:36 (228 turns).

shadowstone the Skirmisher (Kobold Hunter)           Turns: 228, Time: 00:01:36

Health: -4/22      AC:  3    Str:  8    XL:     3   Next: 32%
Magic:  3/3        EV: 15    Int: 10    God:    Qazlal [......]
Gold:   105        SH:  0    Dex: 20    Spells: 2/2 levels left

rFire   . . .        n - +0 hand cannon
rCold   . . .        (no shield)
rNeg    . . .        c - +0 leather armour
rPois   .            (no helmet)
rElec   .            (no cloak)
rCorr   .            (no gloves)
SInv    .            (no boots)
Will    .....        (no amulet)
Stlth   +++          (no ring)
HPRegen 0.23/turn    (no ring)
MPRegen 0.08/turn

%: no teleportation
@: no status effects
A: small, no large weapons, nightstalker 3
a: Renounce Religion


You were in the Dungeon.
You worshipped Qazlal.
Qazlal was noncommittal.
You visited 1 branch You collected 210 gold pieces.
You spent 105 gold pieces at shops.

Inventory:

Hand Weapons
 a - a +0 shortbow
 n - a +0 hand cannon (weapon)
Armour
 c - a +0 leather armour (worn)
Wands
 k - a wand of acid (5)
 l - a wand of roots (5)
Scrolls
 b - a scroll of butterflies
 i - 4 scrolls of blinking
 m - 3 scrolls of fog
Potions
 d - a potion of curing
 e - 4 potions of heal wounds
 f - 4 potions of haste
 g - 2 potions of magic
 h - a potion of berserk rage
 j - a potion of resistance


   Skills:
 + Level 2.9 Fighting
 + Level 8.9 Ranged Weapons
 + Level 0.4 Armour
 + Level 3.0 Dodging
 + Level 1.3 Stealth


You had 2 spell levels left.
You didn't know any spells.
Your spell library was empty.

Dungeon Overview and Level Annotations

Branches:
Dungeon (1/1)

Altars:
Dithmenos
Fedhas
Gozag
Kikubaaqudgha
Makhleb
Okawaru
Qazlal
Ru
Trog
Uskayaw
Vehumet
Wu Jian
Xom
Yredelemnul
The Shining One
Beogh

Shops:
D *[=??*?*:[((

Annotations:
D Sigmund


Innate Abilities, Weirdness & Mutations

You are small and have problems with some larger weapons.
You are completely attuned to the shadows.


Message History

You shoot a bolt. The bolt closely misses Sigmund.
Sigmund casts a spell at you.
You are confused.
You shoot a bolt. Sigmund barely misses you.
You shoot a bolt. Sigmund barely misses you.
You shoot a bolt.
Sigmund mumbles some strange words.
Sigmund flickers and vanishes!
Deactivating autopickup; reactivate with Ctrl-A.
You shoot a bolt. Something completely misses you.
You shoot a bolt.
You feel less confused. Something barely misses you.
No target in view!
No target in view!
No target in view!
No target in view!
A puff of flame appears from out of thin air!
The puff of flame hits you!
You start resting.
Something barely misses you.
You start resting.
Something hits you.
You start resting.
Something hits you!
* * * LOW HITPOINT WARNING * * *
You are too injured to fight recklessly!
You are too injured to fight recklessly!
You are too injured to fight recklessly!
You are too injured to fight recklessly!
You are too injured to fight recklessly!
You are too injured to fight recklessly!
You are too injured to fight recklessly!
You are too injured to fight recklessly!
You are too injured to fight recklessly!
You start resting.
A scorpion comes into view.
You hear some strange, mumbled words.
A puff of flame appears from out of thin air!
The puff of flame hits you!
You die...

#∩.......∩#
#_......._#
#_......._#
#_........#
###.........##
#⌠...........⌠
######.ß.........ß.
##∩___......###.....
##∩..@.....ß.# #.ß...
.............###.....
.....{....###...#
..........# #.<.# ...
...s....†.###...###...
.........[...###......
#∩........ß.# #.ß....
∩___.....†###......
#####.ß.........ß.#


You could see a scorpion (wandering).

Vanquished Creatures
  Terence (D)
  A hobgoblin (D)
  A ball python (D)
3 creatures vanquished.

Notes
Turn   | Place    | Note
-------+----------+-------------------------------------------
     0 | D        | shadowstone the Kobold Hunter began the quest for the Orb.
     0 | D        | Reached XP level 1. HP: 12/12 MP: 1/1
     5 | D        | Round 1.
     7 | D        | Found an ancient bone altar of Kikubaaqudgha.
     9 | D        | Found a bloodstained altar of Trog.
    10 | D        | Found Hiulu's Weapon Rack.
    11 | D        | Found Teihakh's Basic Armour.
    15 | D        | Bought a +0 hand cannon for 105 gold pieces
    18 | D        | Found Wuenn's Miscellaneous Merchandise.
    19 | D        | Found Oloeth's Premium Goods.
    19 | D        | Found a glowing golden altar of the Shining One.
    19 | D        | Found a blossoming altar of Fedhas.
    19 | D        | Found a burning altar of Makhleb.
    27 | D        | Found a basalt altar of Yredelemnul.
    30 | D        | Noticed Terence
    32 | D        | Found an ornate altar of the Wu Jian Council.
    34 | D        | Found a hide-covered altar of Uskayaw.
    36 | D        | Killed Terence
    37 | D        | Reached skill level 8 in Ranged Weapons
    37 | D        | Reached XP level 2. HP: 8/18 MP: 2/2
    37 | D        | Reached XP level 3. HP: 9/22 MP: 3/3
   135 | D        | Found a radiant altar of Vehumet.
   135 | D        | Found an opulent altar of Gozag.
   135 | D        | Found a stormy altar of Qazlal.
   142 | D        | Found Egeru's Timeless Talismans.
   144 | D        | Found Eqeos's Identification Station.
   159 | D        | Found Kolah's Jewellery.
   163 | D        | Became a worshipper of Qazlal Stormbringer
   171 | D        | Found a roughly hewn altar of Beogh.
   175 | D        | Found a sacrificial altar of Ru.
   177 | D        | Found a shadowy altar of Dithmenos.
   179 | D        | Found an iron altar of Okawaru.
   179 | D        | Found a shimmering altar of Xom.
   182 | D        | Found Umebaese's Staff Store.
   183 | D        | Found Xian's Must-Have Magic.
   185 | D        | Found Kiuxuol's Magic Scroll Shop.
   188 | D        | Arena points: 4 (+4) [x1]
   189 | D        | Found Quussahi's Magic Scroll Shop.
   203 | D        | Round 2.
   212 | D        | Noticed Sigmund
   213 | D        | Found Sese's Advanced Armour.
   228 | D        | Noticed a scorpion
   228 | D        | Killed from afar by Sigmund

Illustrated notes

Levels and vault maps discovered:
D:        arena_sprint

Skill      XL: |  1 |
---------------+----+-----
Ranged Weapons | 8 |  8.9
Dodging        | 3 |  3.0
Fighting       | |  2.9
Armour         | |  0.4
Stealth        | |  1.3

Action                     || total
---------------------------++-------
   Fire: Hand cannon       ||    17
 Armour: Leather armour    ||     7
  Dodge: Dodged            ||    13

Table legend: (Time is in decaauts)
 A = Elapsed time spent in this place.
 B = Non-inter-level travel time spent in this place.
 C = Inter-level travel time spent in this place.
 D = Time resting spent in this place.
 E = Time spent auto-exploring this place.
 F = Levels seen in this place.
 G = Mean time per level.
                   A        B        C        D        E       F      G
               +--------+--------+--------+--------+--------+-----+--------+
         Total |    236 |    226 |     10 |    100 |      0 |   1 |  236.0 |
       Dungeon |    236 |    226 |     10 |    100 |      0 |   1 |  236.0 |
               +--------+--------+--------+--------+--------+-----+--------+

Top non-repeatable levels by time:
       D: 236 daAuts
